 Dungeon Crawl Stone Soup version 0.28.0 (webtiles) character file.

Game seed: 606034793074129381

50 croobank the Insei (level 3, 0/18 HPs)
             Began as a Vine Stalker Transmuter on Feb 5, 2022.
             Slain by a gnoll (2 damage)
             ... on level 2 of the Dungeon.
             The game lasted 00:05:04 (1974 turns).

croobank the Insei (Vine Stalker Transmuter)        Turns: 1974, Time: 00:05:05

Health: 0/18       AC:  2    Str: 12    XL:     3   Next: 79%
Magic:  0/7        EV: 12    Int: 15    God:
Gold:   49         SH:  0    Dex: 14    Spells: 3/6 levels left

rFire   . . .      SeeInvis .   a - +0 short sword
rCold   . . .      Faith    .   (no shield)
rNeg    . . .      Spirit   +   i - +0 robe
rPois   .          Reflect  .   (helmet currently unavailable)
rElec   .          Harm     .   (no cloak)
rCorr   .          Rampage  .   (no gloves)
Will    .....                   (boots currently unavailable)
Stlth   ++........              (no amulet)
HPRegen 0.06/turn               (no ring)
MPRegen 0.10/turn               (no ring)

@: appendages (expiring), wereblooded
A: horns 2, talons 2, fangs 2, magic shield, antimagic bite, no potion heal 2
a: End Transformation


You were on level 2 of the Dungeon.
You had temporarily grown beastly horns and talons.
You visited 1 branch of the dungeon, and saw 2 of its levels.

You collected 49 gold pieces.

Inventory:

Hand Weapons
 a - a +0 short sword (weapon)
 d - a +0 rapier
Missiles
 c - 27 arrows
 e - 28 stones
 j - 6 curare-tipped darts (quivered)
 l - 20 sling bullets
Armour
 f - a +0 leather armour
 i - a +0 robe (worn)
Jewellery
 h - a ring of flight
Potions
 b - a potion of mutation {unknown}
 g - 2 potions of curing {unknown}
 k - a potion of heal wounds {unknown}
 m - a potion of cancellation {unknown}


   Skills:
 + Level 1.3 Fighting
 + Level 0.4 Short Blades
 + Level 1.6 Dodging
 + Level 0.8 Stealth
 + Level 3.8 Unarmed Combat
 + Level 2.4 Spellcasting
 + Level 2.3 Transmutations


You had 3 spell levels left.
You knew the following spells:

 Your Spells              Type           Power      Damage    Failure   Level
a - Beastly Appendage     Tmut           16%        N/A       9%          1
b - Wereblood             Tmut           8%         N/A       12%         2

Your spell library contained the following spells:

 Spells                   Type           Power      Damage    Failure   Level
 Sting                    Tmut/Pois      20%        1d4       13%         1
 Poisonous Vapours        Pois/Air       2%         N/A       32%         2
 Spider Form              Tmut/Pois      5%         N/A       36%         3
 Ice Form                 Ice/Tmut       5%         N/A       78%         4
 Olgreb's Toxic Radiance  Pois           1%         N/A       91%         4


Dungeon Overview and Level Annotations

Branches:
Dungeon (2/15)

Altars:


Innate Abilities, Weirdness & Mutations

You have temporarily grown beastly horns and talons.
You have extremely sharp teeth.
When hurt, damage is shared between your health and your magic reserves.
Your bite disrupts and absorbs the magic of your enemies.
Potions cannot restore your health.


Message History

You hit the rat.
You kill the rat!
You see here a rat corpse.
A bat comes into view.
Casting: Beastly Appendage (safe; 9% risk of failure)
Confirm with . or Enter, or press ? or * to list all spells.
You grow a pair of large bovine horns.
Your feet morph into talons.
Your transformation is almost over.
The bat hits you.
You hit the bat but do no damage. The bat hits you but does no damage.
The bat hits you. x2
You hit the bat.
You kill the bat!
Your horns disappear.
Your talons disappear.
You open the door.
Found a ring mail.
There is an open door here. 3 gnolls come into view.
The gnoll shouts! x3
Casting: Beastly Appendage (safe; 9% risk of failure)
Confirm with . or Enter, or press ? or * to list all spells.
You grow a pair of large bovine horns.
Your feet morph into talons.
Casting: Beastly Appendage (safe; 9% risk of failure)
Confirm with . or Enter, or press ? or * to list all spells.
Your blood is infused with primal strength.
The gnoll misses you. The gnoll hits you with a +0 spear.
You hit the gnoll. Your kick misses the gnoll. You bite the gnoll.
You drain its power.
You feel invigorated.
The gnoll is heavily wounded.
The gnoll hits you with a +0 spear.
You hit the gnoll. Your headbutt misses the gnoll. You punch the gnoll.
The gnoll is almost dead.
The gnoll hits you with a +0 spear.
The gnoll hits you from afar with a +0 spear!
The gnoll hits you from afar with a +0 spear.
* * * LOW HITPOINT WARNING * * *
Your transformation is almost over.
The gnoll hits you from afar with a +0 spear.
You die...

######### .gg.g..g#
#g# #.# ########
##g#######......#
######..g.@..........#
#...........###..[...#
#.#########.# #......#
#.# #......# #.#
#......# #.# #......#
#.# #......# #.#
####'#######
#.######.##....##


You could see 2 gnolls.

Vanquished Creatures
  A hound zombie (D:2)
  A worm (D:2)
  4 ball pythons
  A bat skeleton (D:2)
  An endoplasm (D:1)
  3 giant cockroaches
  7 goblins
  A hobgoblin (D:1)
  A quokka (D:1)
  A ball python zombie (D:2)
  A bat (D:2)
  2 frilled lizards (D:2)
  6 kobolds
  3 rats
33 creatures vanquished.

Vanquished Creatures (others)
  A fungus (D:1)
  A withered plant (D:2)
2 creatures vanquished.

Grand Total: 35 creatures vanquished

Notes
Turn   | Place    | Note
-------+----------+-------------------------------------------
     0 | D:1      | croobank the Vine Stalker Transmuter began the quest for
                  | the Orb.
     0 | D:1      | Reached XP level 1. HP: 9/9 MP: 4/4
   528 | D:1      | Reached XP level 2. HP: 14/14 MP: 4/6
   750 | D:1      | Learned a level 2 spell: Wereblood
   850 | D:1      | Reached skill level 1 in Fighting
  1392 | D:2      | Reached XP level 3. HP: 18/18 MP: 7/7
  1974 | D:2      | Slain by a gnoll

Illustrated notes

Levels and vault maps discovered:
D:1:      dpeg_cavernosity, layout_loops_ring
D:2:      layout_basic, basic_ecumenical_altar, serial_undead, serial_undead_e,
          serial_undead_d, serial_undead_c, serial_undead_b,
          minmay_tiny_reverse_x

Skill      XL: |  1  2 |
---------------+-------+-----
Fighting       | 1 |  1.3
Short Blades   | |  0.4
Dodging        | |  1.6
Stealth        | |  0.8
Unarmed Combat | |  3.8
Spellcasting   | |  2.4
Transmutations | |  2.3

Action                   || total
-------------------------++-------
Melee: Unarmed           ||    25
       Bite              ||    16
       Headbutt          ||    10
       Kick              ||    14
       Punch             ||     5
       Short sword       ||    67
 Cast: Beastly Appendage ||    18
       Wereblood         ||     2
  Use: Scroll            ||     1
 Stab: Sleeping          ||     1
Armor: Robe              ||    18
Dodge: Dodged            ||    64
